 Dungeon Crawl Stone Soup version 0.29.1-15-g9cfb28693d (webtiles) character file.

Game seed: 7177063231511022478

73 nonceun the Chopper (level 4, -1/39 HPs)
             Began as a Minotaur Berserker on Mar 15, 2023.
             Was a Believer of Trog.
             Succumbed to an orc's poison
             ... on level 3 of the Dungeon.
             The game lasted 00:05:51 (1938 turns).

nonceun the Chopper (Minotaur Berserker)            Turns: 1938, Time: 00:05:52

Health: -1/39      AC:  6    Str: 23    XL:     4   Next: 8%
Magic:  3/3        EV: 11    Int:  4    God:    Trog [**....]
Gold:   115        SH:  0    Dex: 10    Spells: 3/3 levels left

rFire   . . .      SeeInvis .   a - +0 hand axe
rCold   . . .      Faith    .   (no shield)
rNeg    . . .      Spirit   .   r - +3 leather armour
rPois   .          Reflect  .   (helmet restricted)
rElec   .          Harm     .   (no cloak)
rCorr   .          Rampage  .   (no gloves)
Will    .....                   (no boots)
Stlth   +.........              (no amulet)
HPRegen 0.13/turn               (no ring)
MPRegen 0.08/turn               (no ring)

@: lethally poisoned (-1 -> -10), on berserk cooldown, slowed, very slow
A: horns 2, retaliatory headbutt
a: Renounce Religion, Berserk, Trog's Hand


You were on level 3 of the Dungeon.
You worshipped Trog.
Trog was pleased with you.
You visited 1 branch of the dungeon, and saw 3 of its levels.

You collected 115 gold pieces.

Inventory:

Hand Weapons
 a - a +0 hand axe (weapon)
Missiles
 e - 5 boomerangs of dispersal {!t}
 j - 14 stones
 p - 6 datura-tipped darts (quivered) {!t}
Armour
 d - a +0 chain mail
 r - a +3 leather armour (worn)
Jewellery
 l - an amulet of magic regeneration
Scrolls
 c - 3 scrolls of teleportation {unknown}
 g - 4 scrolls of identify {unknown}
 h - a scroll of vulnerability {unknown}
 m - a scroll of fear {unknown}
 n - a scroll of magic mapping {unknown}
Potions
 b - 2 potions of attraction {unknown}
 f - a potion of brilliance {unknown}
 i - 3 potions of lignification {unknown}
 k - 2 potions of might {unknown}
 o - a potion of degeneration {unknown}
 q - a potion of flight {unknown}


   Skills:
 - Level 3.6 Fighting
 + Level 6.0 Axes
 - Level 2.4 Armour
 - Level 2.1 Dodging


You had 3 spell levels left.
You didn't know any spells.
Your spell library contained the following spells:

 Spells                   Type           Power      Damage    Failure   Level
 Static Discharge         Conj/Air       0%         3-3/arc   69%         2
 Dispel Undead            Necr           0%         3d6       100%        4
 Sticky Flame             Conj/Fire      0%         2d3       100%        4


Dungeon Overview and Level Annotations

Branches:
Dungeon (3/15)

Altars:


Innate Abilities, Weirdness & Mutations

You have a pair of horns on your head.
You reflexively headbutt those who attack you in melee.


Message History

The orc shouts! x2
The orc hits you with a +2 trident of venom!
You are lethally poisoned!
Things that are here:
a +0 hand axe; a +0 scale mail; an orc corpse You hit the orc.
Your headbutt misses the orc.
The orc is severely wounded.
* * * LOW HITPOINT WARNING * * *
You feel very sick. The orc barely misses you.
You slash the orc!
You kill the orc!
Trog accepts your kill.
* * * LOW HITPOINT WARNING * * *
You feel very sick.
Your Axes skill increases to level 6!
You have reached level 4!
You feel agile.
* * * LOW HITPOINT WARNING * * *
You feel very sick.
The orc wizard shouts!
You hear an angry hiss.
You slash the orc!
You kill the orc!
Trog accepts your kill.
* * * LOW HITPOINT WARNING * * *
You feel very sick.
You slash the orc!
You kill the orc!
Trog accepts your kill.
* * * LOW HITPOINT WARNING * * *
You feel sick.
Unknown command.
You are no longer berserk.
You are exhausted.
You feel yourself slow down.
* * * LOW HITPOINT WARNING * * *
You feel sick.
Things that are here:
a +0 hand axe; a +0 scale mail; an orc corpse You die...

#.......#
#######.......##
...........o....
..............
............# .. .....
........))..# ... ....#
.......)....#.... ....#
.......)#####.... ....#
###...#.@........
....##+##########........
....#...........#........
....#...........#........
....#...................#
........................#
..................).....#
............##..........#
............##..........#


There were no monsters in sight!

Vanquished Creatures
  2 adders (D:2)
  3 dart slugs
  4 orcs (D:3)
  7 endoplasms
  6 hobgoblins
  6 jackals (D:1)
  3 ball pythons
  A bat (D:2)
  4 frilled lizards
  A goblin (D:2)
  3 kobolds
  A rat (D:2)
41 creatures vanquished.

Vanquished Creatures (others)
  A plant (D:3)
1 creature vanquished.

Grand Total: 42 creatures vanquished

Notes
Turn   | Place    | Note
-------+----------+-------------------------------------------
     0 | D:1      | nonceun the Minotaur Berserker began the quest for the Orb.
     0 | D:1      | Reached XP level 1. HP: 19/19 MP: 0/0
   156 | D:1      | Reached skill level 4 in Axes
   210 | D:1      | Found a faded altar of an unknown god.
   231 | D:1      | Reached XP level 2. HP: 24/26 MP: 1/1
   947 | D:2      | Reached skill level 5 in Axes
  1114 | D:2      | Reached XP level 3. HP: 27/31 MP: 2/2
  1222 | D:2      | Reached ** piety under Trog
  1934 | D:3      | Reached skill level 6 in Axes
  1934 | D:3      | Reached XP level 4. HP: 13/39 MP: 3/3
  1938 | D:3      | Succumbed to an orc's poison

Illustrated notes

Levels and vault maps discovered:
D:1:      ebering_trefoil_3fold, layout_loops_ring, basic_ecumenical_altar,
          grunt_decor_junction, minmay_pentomino_u2
D:2:      layout_basic
D:3:      layout_basic, serial_shops, shop, nicolae_shop_hallway_stairs,
          nicolae_shop_overgrown_old_shop, nicolae_shop_hallway_plus,
          nicolae_shop_hallway_plus

Skill      XL: |  1  2  3 |
---------------+----------+-----
Axes           | 4 5 6 |  6.0
Fighting       | |  3.6
Armour         | |  2.4
Dodging        | |  2.1

Action                   |  1- 3 |  4- 6 || total
-------------------------+-------+-------++-------
Melee: Hand axe          |    96 |     2 ||    98
       Headbutt          |    15 |       ||    15
Invok: Berserk           |     1 |       ||     1
Armor: Chain mail        |    45 |       ||    45
       Leather armour    |     2 |       ||     2
Dodge: Dodged            |    26 |       ||    26
